Map: Acid Plant LE

Players

soul - Winner!

  • Race: Terran Terran
  • Spawn Location: 5:00

TheoRy

  • Race: Protoss Protoss
  • Spawn Location: 11:00

Event: WCS Austin 2018

VOD

Have the link to the VOD?

Description

Time

  • Played on: June 1, 2018, 1:33 p.m.
  • Length: 9:18

All games in this series

Show
View Real Time Build Order
Export as new Build Order

soul Terran - Winner!

Build Orders: MMM Bio 

Get SALT Encoding   

  12  0:02  SCV  
  13  0:14  Supply Depot  
  13  0:19  SCV  
  14  0:31  SCV  
  15  0:41  Barracks  
  15  0:43  Refinery  
  15  0:48  SCV  
  16  0:54  Refinery  
  16  1:00  SCV  
  17  1:13  SCV  
  18  1:29  Orbital Command, Reaper  
  19  1:43  Factory  
  19  1:56  SCV  
  20  2:08  SCV  
  21  2:13  Supply Depot  
  21  2:20  SCV  
  22  2:35  SCV  
  23  2:37  Factory Reactor  
  23  2:42  Command Center  
  23  2:47  SCV  
  23  2:49  Starport  
  24  2:55  Supply Depot  
  24  2:59  SCV  
  25  3:13  Cyclone  
  25  3:14  Cyclone  
  25  3:18  SCV  
  32  3:27  Medivac  
  32  3:30  SCV  
  34  3:45  SCV  
  35  3:56  Orbital Command  
  35  3:57  Barracks, SCV  
  35  3:59  Viking  
  35  4:00  Marine x2  
  40  4:04  Widow Mine  
  40  4:09  SCV  
  43  4:14  Barracks  
  43  4:20  Marine  
  43  4:21  Marine, SCV  
  43  4:24  SCV  
  47  4:29  Factory Tech Lab  
  47  4:34  SCV  
  47  4:36  SCV  
  47  4:38  Marine  
  49  4:40  Engineering Bay  
  49  4:43  Supply Depot  
  50  4:46  SCV  
  50  4:47  Barracks Tech Lab  
  50  4:48  SCV  
  52  4:55  Refinery  
  52  4:56  Marine  
  52  4:58  SCV  
  52  4:59  Starport Reactor  
  54  5:03  Factory Reactor  
  54  5:05  SCV  
  55  5:09  Stimpack  
  55  5:10  Terran Infantry Weapons Level 1  
  55  5:11  SCV  
  55  5:12  Supply Depot, Combat Shields  
  55  5:13  Marine  
  57  5:15  Marine  
  57  5:19  SCV  
  57  5:20  Refinery  
  59  5:23  Supply Depot  
  59  5:24  SCV  
  60  5:31  Marine, SCV  
  60  5:34  Marauder, Marine  
  65  5:36  SCV  
  65  5:37  Marauder  
  65  5:40  Supply Depot  
  68  5:43  SCV  
  68  5:48  Medivac  
  71  5:50  Medivac  
  71  5:54  SCV  
  71  5:55  Widow Mine  
  76  5:57  Widow Mine  
  76  6:02  SCV  
  76  6:04  Marauder  
  81  6:05  Marine x2  
  81  6:06  SCV  
  81  6:09  Marauder  
  86  6:27  Supply Depot x2  
  86  6:34  Concussive Shells, Medivac x2, Widow Mine x2  
  86  6:38  SCV  
  86  6:39  SCV  
  94  6:47  Command Center  
  94  6:48  Marine x2  
  94  6:51  SCV x2  
  98  6:57  Barracks  
  98  6:58  Barracks  
  98  7:03  SCV x2  
  98  7:07  Supply Depot  
  100  7:08  Supply Depot  
  100  7:09  Terran Infantry Armor Level 1  
  100  7:12  Marine  
  100  7:15  SCV x2  
  103  7:16  Marine  
  103  7:21  Marauder, Marine  
  105  7:22  Liberator  
  105  7:25  Liberator  
  105  7:27  SCV  
  105  7:29  Marine  
  104  7:34  Marine  
  100  7:39  Marine  
  100  7:42  Marine  
  106  7:47  Barracks Reactor, Marine, Barracks Tech Lab  
  106  7:51  Widow Mine  
  107  7:52  Marine, SCV  
  107  7:56  Marine  
  107  8:00  Marine  
  107  8:02  Orbital Command  
  107  8:03  SCV  
  107  8:05  Marine  
  109  8:07  Marine  
  109  8:10  Marine, SCV  
  109  8:12  Liberator  
  110  8:14  Marine  
  110  8:15  Liberator, SCV, Widow Mine  
  110  8:16  Widow Mine  
  110  8:18  Marine  
  117  8:23  Marine  
  117  8:25  Marauder  
  120  8:32  Marine x2  
  120  8:33  Marauder, Marine  
  131  8:36  Marine  
  131  8:37  Widow Mine  
  131  8:41  Marine  
  134  8:47  Armory, Marauder  
  134  8:49  Engineering Bay  
  134  8:50  Marine  
  135  8:56  Widow Mine  
  135  8:58  Marine  
  141  9:10  Supply Depot  
  141  9:11  Supply Depot  
  141  9:12  Supply Depot  
Show
View Real Time Build Order
Export as new Build Order

TheoRy Protoss 

Build Orders: Oracle Opening 

Get SALT Encoding   

  12  0:00  Probe  
  13  0:12  Probe  
  14  0:18  Pylon  
  14  0:24  Probe  
  15  0:32  Probe  
  15  0:37  Gateway  
  15  0:40  Probe  
  16  0:47  Assimilator  
  17  0:51  Probe  
  18  1:03  Probe  
  19  1:15  Probe  
  19  1:18  Pylon  
  20  1:26  Cybernetics Core  
  20  1:27  Probe  
  21  1:35  Assimilator  
  21  1:39  Probe  
  22  1:51  Probe  
  23  1:54  Adept  
  23  2:04  Warp Gate  
  26  2:08  Probe  
  26  2:17  Probe  
  26  2:20  Adept  
  28  2:25  Probe  
  28  2:34  Probe  
  27  2:38  Stargate  
  27  2:47  Probe  
  28  2:55  Nexus  
  28  3:01  Probe  
  28  3:03  Pylon  
  29  3:13  Probe  
  29  3:14  Oracle  
  30  3:22  Shield Battery  
  30  3:25  Probe  
  34  3:34  Stalker  
  34  3:37  Probe  
  37  3:50  Pylon, Probe  
  38  4:03  Pylon  
  38  4:07  Probe  
  38  4:08  Probe  
  43  4:14  Stalker  
  43  4:16  Oracle  
  45  4:19  Probe  
  45  4:22  Probe  
  45  4:23  Gateway  
  47  4:33  Pylon  
  47  4:38  Pylon  
  47  4:47  Probe  
  47  4:50  Probe  
  47  4:52  Shield Battery  
  49  4:54  Phoenix  
  49  4:57  Stalker  
  49  4:59  Probe  
  54  5:02  Probe  
  55  5:09  Pylon  
  55  5:11  Probe  
  56  5:14  Probe  
  56  5:15  Assimilator  
  57  5:22  Gateway  
  57  5:23  Probe  
  57  5:26  Probe  
  59  5:32  Assimilator  
  59  5:34  Robotics Facility  
  59  5:35  Probe  
  59  5:39  Probe  
  59  5:40  Twilight Council  
  61  5:46  Pylon  
  61  5:51  Sentry x2  
  65  6:02  Probe  
  66  6:04  Gateway  
  66  6:06  Gateway  
  66  6:11  Probe  
  66  6:14  Probe  
  68  6:23  Probe  
  69  6:28  Immortal  
  73  6:35  Robotics Bay  
  73  6:39  Stalker x3, Pylon  
  79  6:42  Blink  
  77  6:52  Gateway  
  77  6:57  Warp Prism  
  77  6:58  Pylon  
  77  7:03  Sentry x2  
  83  7:15  Stalker, Pylon  
  85  7:22  Stalker x2  
  89  7:25  Colossus  
  79  7:30  Zealot  
  79  7:31  Probe  
  78  7:41  Pylon  
  78  7:45  Zealot  
  77  7:52  Zealot x3  
  75  8:05  Gateway  
  69  8:09  Stalker, Gateway  
  70  8:14  Sentry x2  
  74  8:26  Stalker  
  76  8:29  Assimilator  
  73  8:40  Stalker  
  73  8:41  Stalker x2  
  79  8:45  Assimilator  
  79  8:53  Stalker  
  80  8:57  Probe x2  
Tags
 
Add a new tag
Caveats
  • Supply blocks, unpowered buildings, or Contaminate may cause inaccurate times.
  • Supply counts are checked every 10 seconds.